AoeStats
← Nao do Conta de Trabaia

Arena

506869444Analyzed
2v2 RM · 17d ago on Sep 15, 2026· 26m 2s· 4 players
Game mode
Random Map
Map size
Medium (4 player)
Population
200
Speed
Normal
Resources
Standard
Victory
Conquest
Starting age
Dark Age
Ending age
Imperial Age
RankedLock teamsTeams togetherTeam positionsShared explorationLock speedFull tech treeHidden civsTurbo modeCheats
Victory
Defeat
🇨🇦 Cumans · Canada
1243
+15
🇧🇷 Malians · Brazil
1212
+16
🇵🇹 Khmer · Portugal
1237
-16
🇦🇹 Chinese · Austria
1211
-15
Wellen_Willi
0:28 Loom
10:08 Feudal Age
10:43 Double-Bit Axe
10:45 Horse Collar
13:48 Man-at-Arms
15:13 Gold Mining
22:35 Castle Age
21:47 Fletching
22:34 Padded Archer Armor
22:40 Crossbowman
23:20 Bodkin Arrow
bixo
10:55 Feudal Age
13:42 Castle Age
15:07 Wheelbarrow
23:36 Crossbowman
25:28 Fletching
Bugzy
6:32 Loom
9:17 Feudal Age
9:36 Man-at-Arms
24:23 Castle Age
23:42 Double-Bit Axe
23:37 Horse Collar
24:46 Wheelbarrow
25:31 Bow Saw
25:21 Fletching
Nao do Conta de Trabaia
10:14 Feudal Age
14:24 Castle Age
17:49 Loom
23:48 Scale Mail Armor
23:44 Double-Bit Axe
Connection lost

Rejoining the realm…

Still unreachable

The connection could not be restored.

Session expired

The server has moved on; the page needs a fresh start.